 Dungeon Crawl Stone Soup version 0.26.1-11-gd32895ea62 (webtiles) character file.

Game seed: 17519457654922528551

9935 Zeld the Cleaver (level 11, -2/94 (99) HPs)
             Began as a Minotaur Berserker on May 24, 2021.
             Was a High Priest of Trog.
             Slain by an orc warrior
             ... wielding a +0 halberd
              (13 damage)
             ... while paralysed by an orc sorcerer
             ... on level 2 of the Orcish Mines.
             The game lasted 00:12:45 (15497 turns).

Zeld the Cleaver (Minotaur Berserker)              Turns: 15497, Time: 00:12:46

HP:   -2/94 (99)    AC: 16    Str: 25    XL:     11   Next: 29%
MP:   10/10         EV:  2    Int:  4    God:    Trog [*****.]
Gold: 448           SH:  0    Dex: 10    Spells: 10/10 levels left

rFire    + . .     SeeInvis .   a - +2 hand axe
rCold    . . .     Faith    .   (no shield)
rNeg     . . .     Spirit   .   B - +0 plate armour
rPois    .         Reflect  .   (helmet restricted)
rElec    .         Harm     .   l - +0 cloak
rCorr    .         Rampage  .   e - +0 pair of gloves
Will     .....                  r - +2 pair of boots
Stlth    ..........             (no amulet)
HPRegen  0.25/turn              y - ring of protection from fire
MPRegen  0.12/turn              (no ring)

@: paralysed, berserk cooldown, slowed, drained
A: retaliatory headbutt, horns 2
a: Renounce Religion, Berserk, Trog's Hand, Brothers in Arms


You were on level 2 of the Orcish Mines.
You worshipped Trog.
Trog was extremely pleased with you.
You visited 3 branches of the dungeon, and saw 12 of its levels.

You collected 808 gold pieces.
You spent 360 gold pieces at shops.

Inventory:

Hand Weapons
 a - a +2 hand axe (weapon)
 s - a +1 vorpal hand axe
Armour
 e - a +0 pair of gloves (worn)
 l - a +0 cloak (worn)
 r - a +2 pair of boots (worn)
 B - a +0 plate armour (worn)
Jewellery
 y - a ring of protection from fire (left hand)
Wands
 p - a wand of flame (8)
 u - a wand of paralysis (16)
Scrolls
 b - 4 scrolls of remove curse
 d - 2 scrolls of magic mapping
 k - 3 scrolls of teleportation
 n - a scroll of blinking
 x - a scroll of brand weapon {unknown}
 A - a scroll of fear {unknown}
Potions
 c - a potion of resistance
 f - a potion of magic {unknown}
 g - 2 potions of flight
 h - 3 potions of might
 i - 5 potions of curing
 j - 2 potions of ambrosia {unknown}
 m - 2 potions of cancellation {unknown}
 o - 2 potions of heal wounds
 q - 3 potions of mutation {unknown}
 t - 3 potions of invisibility
 w - a potion of berserk rage {unknown}
 z - 3 potions of haste
Miscellaneous
 v - a lightning rod (4/4)


   Skills:
 * Level 9.9 Fighting
 - Level 14.0 Axes
 - Level 2.4 Armour
 * Level 8.8 Dodging
 * Level 7.0 Evocations


You had 10 spell levels left.
You didn't know any spells.
Your spell library was empty.

Dungeon Overview and Level Annotations

Branches:
Dungeon (9/15)             Temple (1/1) D:6             Orc (2/2) D:9
   Lair: D:8-11         Elf: Orc:2

Altars:
Ashenzari
Cheibriados
Dithmenos
Elyvilon
Fedhas
Gozag
Hepliaklqana
Kikubaaqudgha
Makhleb
Nemelex Xobeh
Okawaru
Qazlal
Ru
Sif Muna
Trog
Uskayaw
Vehumet
Wu Jian
Xom
Yredelemnul
Zin
The Shining One

Shops:
D:5 [   D:6 (   D:8 !   Orc:2 [

Annotations:
D:9 1 runed translucent door, Golfball's ghost, novice GrEE


Innate Abilities, Weirdness & Mutations

You reflexively headbutt those who attack you in melee.
You have a pair of horns on your head.


Message History

The orc warrior hits you from afar with a +0 halberd.
The orange demon stings you but does no damage.
The orc sorcerer gestures at you while chanting.
The bolt of negative energy hits you!!
You feel drained.
The orc warrior hits you but does no damage.
The orange demon stings you but does no damage.
The orc warrior hits you but does no damage.
The orc sorcerer hits you with a +0 dagger.
The orc warrior hits you from afar with a +0 trident.
* * * LOW HITPOINT WARNING * * *
The orange demon stings you from afar.
* * * LOW HITPOINT WARNING * * *
The orc warrior hits you from afar with a +0 halberd!
* * * LOW HITPOINT WARNING * * *
The orc sorcerer hits you but does no damage.
The orc warrior hits you but does no damage.
The orange demon stings you but does no damage.
The orc sorcerer hits you but does no damage.
The orc warrior hits you from afar with a +0 halberd!
You die...

## #.#...... ##.#
.....$...
#....###......P.
......#.........
.................
#.#.......4.P..8.
.........$oP....∩
.........@.o.....
.................
......[[.o.......
......)<[........
#.....).)........
.......$.........
................#
.................
.................


You could see an orange demon (summoned), an orc sorcerer and 2 orc warriors.

Vanquished Creatures
  2 orc high priests
  Pikel (D:4)
  An orc sorcerer (Orc:2)
  The ghost of eooof the Magus, an amateur DrMo of Nemelex Xobeh (D:5)
  Sigmund (D:6)
  A wyvern (D:9)
  A shadow (D:9)
  5 yaks (D:8)
  5 wargs
  A water moccasin (D:9)
  A spectral hornet (D:5)
  Duvessa (D:6)
  3 ice beasts
  4 orc warriors
  5 sky beasts
  2 black bears
  4 phantoms (D:9)
  8 ogres
  A lemure (D:4)
  2 centaurs (D:9)
  A big kobold (D:9)
  5 bullfrogs
  Dowan (D:6)
  A water moccasin zombie (D:6)
  2 scorpions
  2 troll zombies (D:9)
  14 killer bees
  9 wights
  A howler monkey (D:4)
  A lava snake (D:9)
  4 bullfrog zombies
  5 hounds
  2 jellies
  6 orc priests
  11 orc wizards
  2 bullfrog skeletons
  A centaur skeleton (D:9)
  5 worker ants
  A killer bee zombie (D:9)
  4 ogre zombies (D:9)
  A hound zombie (D:5)
  A howler monkey skeleton (D:8)
  3 gnolls (D:5)
  10 adders
  A white imp (D:7)
  An ufetubus (D:7)
  An ooze (D:3)
  An adder zombie (D:8)
  3 worms
  3 dart slugs
  3 leopard geckos
  53 orcs
  3 ball pythons
  7 bats
  4 giant cockroaches
  12 goblins
  11 hobgoblins
  11 jackals
  8 quokkas
  A ball python skeleton (D:4)
  3 frilled lizards
  2 goblin zombies (D:9)
  2 hobgoblin skeletons (D:9)
  2 hobgoblin zombies (D:9)
  9 kobolds
  A leopard gecko zombie (D:8)
  An orc skeleton (D:9)
  12 orc zombies (D:9)
  A quokka skeleton (D:8)
  7 rats
306 creatures vanquished.

Vanquished Creatures (others)
  A human (D:7)
1 creature vanquished.

Grand Total: 307 creatures vanquished

Notes
Turn   | Place    | Note
-------+----------+-------------------------------------------
     0 | D:1      | Zeld the Minotaur Berserker began the quest for the Orb.
     0 | D:1      | Reached XP level 1. HP: 19/19 MP: 0/0
    86 | D:1      | Reached skill level 4 in Axes
   226 | D:1      | Reached XP level 2. HP: 25/26 MP: 1/1
   714 | D:1      | Reached skill level 5 in Axes
   768 | D:1      | Reached XP level 3. HP: 26/31 MP: 2/2
   781 | D:1      | Reached ** piety under Trog
  1698 | D:2      | Reached skill level 6 in Axes
  1698 | D:2      | Reached XP level 4. HP: 39/39 MP: 3/3
  1767 | D:2      | Found a hazy altar of Hepliaklqana.
  2351 | D:3      | Reached *** piety under Trog
  2731 | D:3      | Reached skill level 7 in Axes
  2731 | D:3      | Reached XP level 5. HP: 39/45 MP: 4/4
  3032 | D:4      | Found a shimmering blue altar of Sif Muna.
  3348 | D:4      | Reached skill level 8 in Axes
  3354 | D:4      | Reached XP level 6. HP: 25/51 MP: 5/5
  4265 | D:4      | Noticed Pikel
  4284 | D:4      | Killed Pikel
  4285 | D:4      | Reached skill level 10 in Axes
  4285 | D:4      | Reached XP level 7. HP: 28/57 MP: 6/6
  4947 | D:4      | Reached skill level 11 in Axes
  5097 | D:5      | Entered Level 5 of the Dungeon
  5109 | D:5      | Reached **** piety under Trog
  5265 | D:5      | Reached XP level 8. HP: 56/64 MP: 7/7
  5440 | D:5      | Found Emivunig's Armour Boutique.
  5514 | D:5      | Reached skill level 12 in Axes
  6275 | D:6      | Noticed Sigmund
  6283 | D:6      | Killed Sigmund
  6284 | D:6      | Reached skill level 13 in Axes
  6426 | D:6      | Found a runed translucent gate.
  6426 | D:6      | Found a runed translucent gate.
  6426 | D:6      | Found a runed translucent gate.
  6427 | D:6      | Noticed eooof's ghost (amateur DrMo)
  6436 | D:6      | Found Umeityps's Weapon Emporium.
  6769 | D:6      | Found a snail-covered altar of Cheibriados.
  7010 | D:6      | Found a staircase to the Ecumenical Temple.
  7021 | Temple   | Entered the Ecumenical Temple
  7080 | D:6      | Noticed Duvessa
  7080 | D:6      | Noticed Dowan
  7091 | D:6      | Killed Duvessa
  7092 | D:6      | Reached XP level 9. HP: 70/70 MP: 8/8
  7097 | D:6      | Killed Dowan
  7230 | D:6      | Reached skill level 14 in Axes
  7673 | D:6      | Reached skill level 1 in Evocations
  8282 | D:5      | Killed eooof's ghost
  8603 | D:6      | Reached skill level 5 in Fighting
  9329 | D:7      | Found a blossoming altar of Fedhas.
  9330 | D:7      | Found a burning altar of Makhleb.
  9436 | D:7      | Found an ancient bone altar of Kikubaaqudgha.
  9506 | D:7      | Reached skill level 5 in Dodging
 10064 | D:8      | Found an ornate altar of the Wu Jian Council.
 10241 | D:8      | Found Bice's Distillery.
 10358 | D:8      | Bought a potion of curing for 30 gold pieces
 10358 | D:8      | Bought a potion of might for 40 gold pieces
 10358 | D:8      | Bought a potion of heal wounds for 50 gold pieces
 10358 | D:8      | Bought a potion of haste for 100 gold pieces
 10358 | D:8      | Bought a potion of invisibility for 80 gold pieces
 10358 | D:8      | Bought a potion of flight for 30 gold pieces
 10358 | D:8      | Bought a potion of curing for 30 gold pieces
 10422 | D:8      | Reached XP level 10. HP: 73/84 MP: 9/9
 11168 | D:9      | Reached skill level 5 in Evocations
 11169 | D:9      | Reached ***** piety under Trog
 12558 | D:9      | Received a gift from Trog
 12597 | D:9      | Got a dazzling battleaxe {god gift}
 12598 | D:9      | Identified the +3 battleaxe of Broken Luck {antimagic,
                  | rElec} (Trog gifted it to you on level 9 of the Dungeon)
 12879 | D:9      | Found a staircase to the Orcish Mines.
 13280 | D:9      | Found a runed translucent door.
 13280 | D:9      | Found a shimmering altar of Xom.
 13280 | D:9      | Noticed Golfball's ghost (novice GrEE)
 13281 | D:9      | Noticed a +2 rapier of chaos
 13503 | Orc:1    | Entered Level 1 of the Orcish Mines
 14630 | Orc:2    | Entered Level 2 of the Orcish Mines
 14630 | Orc:2    | Noticed an orc high priest
 14636 | Orc:2    | Reached XP level 11. HP: 97/97 MP: 10/10
 14636 | Orc:2    | Noticed an orc high priest
 14843 | Orc:2    | Noticed an orc sorcerer
 14844 | Orc:2    | Noticed a sixfirhy
 15089 | Orc:1    | Killed an orc high priest
 15312 | Orc:2    | Killed an orc sorcerer
 15329 | Orc:2    | Killed an orc high priest
 15334 | Orc:2    | Noticed an orc sorcerer
 15479 | Orc:2    | Found Laliq's Antique Armour Boutique.
 15490 | Orc:2    | Paralysed by an orc sorcerer for 7 turns
 15497 | Orc:2    | Slain by an orc warrior

Illustrated notes

Levels and vault maps discovered:
D:1:      amcnicky_arrival_feature_with_door, layout_loops_ring
D:2:      layout_loops_cross, nzn_hepliaklqana_mist_gate, hangedman_decor_push
D:3:      layout_basic
D:4:      layout_basic, old_standard_altar, uniq_pikel
D:5:      layout_loops_ring, serial_shops,
          nicolae_shop_temple_entry_statues_fountains, grunt_tough_drop
D:6:      layout_gridville, lemuel_doored_altar,
          minmay_temple_entry_statues_pillars, serial_shops, nicolae_shop_stone,
          gammafunk_ghost_necromancy, uniq_duvessa, uniq_sigmund
D:7:      layout_rooms, gammafunk_temple_overflow_statue, tgw_kikubaaqudgha
D:8:      layout_gridville, old_standard_altar, serial_shops, nicolae_shop_trees
D:9:      layout_cave_pools, zombieorc1_lemuel, ebering_ghost_xom,
          kennysheep_flooded_box
Temple:   nicolae_temple_x_marks_the_god
Orc:1:    layout_caves
Orc:2:    grunt_orc_gardens, layout_caves, grunt_orc_garden, grunt_orc_garden,
          grunt_orc_garden, grunt_orc_garden

Skill      XL: |  1  2  3  4  5  6  7  8  9 10 11 |
---------------+----------------------------------+-----
Axes           | 4 5 6 7 8 10 11 13 14 | 14.0
Fighting       | 6 9 |  9.9
Evocations     | 4 6 7 |  7.0
Dodging        | 5 8 |  8.8
Armour         | |  2.4

Action                   |  1- 3 |  4- 6 |  7- 9 | 10-12 || total
-------------------------+-------+-------+-------+-------++-------
Melee: Hand axe          |    84 |   142 |   258 |   336 ||   820
       Headbutt          |    10 |    24 |    54 |    60 ||   148
Invok: Berserk           |     1 |     1 |    16 |    14 ||    32
       Trog's Hand       |       |     1 |     1 |       ||     2
       Brothers in Arms  |       |       |     1 |       ||     1
  Use: Scroll            |       |     6 |    16 |     1 ||    23
 Stab: Sleeping          |       |       |       |     1 ||     1
Armor: Skin              |     4 |    17 |    23 |    25 ||    69
       Plate armour      |       |       |       |    30 ||    30
Dodge: Dodged            |    57 |    62 |   131 |   176 ||   426
